 Dungeon Crawl Stone Soup version 0.30.0-19-g36f170ea60 (webtiles) character file.

Game seed: 17347053512252593343

2319 Eitelfritz the Cleaver (level 9, -2/79 HPs)
             Began as a Hill Orc Fighter on May 26, 2023.
             Slain by a wight
             ... wielding a +3 great sword
              (7 damage)
             ... on level 8 of the Dungeon.
             The game lasted 00:10:55 (6727 turns).

Eitelfritz the Cleaver (Hill Orc Fighter)           Turns: 6727, Time: 00:10:55

Health: -2/79      AC: 11    Str: 23    XL:     9   Next: 41%
Magic:  9/9        EV: 10    Int:  8    God:
Gold:   113        SH:  5    Dex: 10    Spells: 8/8 levels left

rFire   . . .        a - +0 war axe (vamp)
rCold   . . .        c - +0 buckler
rNeg    . . .        q - +0 scale mail
rPois   .            (no helmet)
rElec   .            (no cloak)
rCorr   .            s - +2 pair of gloves
SInv    .            (no boots)
Will    .....        (no amulet) Stlth
                     (no ring)
HPRegen 0.33/turn    (no ring)
MPRegen 0.11/turn

%: no passive effects
@: mighty, lethally poisoned (-2 -> -15)
A: no striking features
a: no special abilities


You were on level 8 of the Dungeon.
You visited 2 branches of the dungeon, and saw 9 of its levels.

You collected 282 gold pieces.
You spent 169 gold pieces at shops.

Inventory:

Hand Weapons
 a - a +0 vampiric war axe (weapon)
 b - a +0 sling
 p - a +1 flail of holy wrath
 w - a +0 morningstar
Missiles
 g - 2 throwing nets
 B - 11 poisoned darts (quivered)
Armour
 c - a +0 buckler (worn)
 q - a +0 scale mail (worn)
 s - a +2 pair of gloves (worn)
Jewellery
 i - an amulet of faith
 m - an amulet of magic regeneration
 x - a ring of ice
Wands
 y - a wand of flame (25)
Scrolls
 e - 2 scrolls of vulnerability
 j - 3 scrolls of identify
 k - 4 scrolls of teleportation
 n - a scroll of amnesia
 o - a scroll of immolation
Potions
 d - 2 potions of might
 f - a potion of curing
 h - 2 potions of cancellation
 l - 5 potions of haste
 r - a potion of lignification
 t - 3 potions of flight
 u - a potion of mutation
 v - 3 potions of brilliance
 z - a potion of berserk rage


   Skills:
 + Level 7.0 Fighting
 + Level 11.1 Axes
 + Level 7.0 Armour
 + Level 2.4 Dodging
 + Level 0.6 Stealth
 + Level 5.0 Shields


You had 8 spell levels left.
You didn't know any spells.
Your spell library contained the following spells:

 Spells                   Type           Power      Damage    Failure   Level
 Apportation              Tloc           0%         N/A       77%         1
 Magic Dart               Conj           0%         1d3       77%         1
 Searing Ray              Conj           0%         2d4       88%         2
 Dazzling Flash           Conj/Hex       0%         N/A       98%         3
 Frozen Ramparts          Ice            0%         1d1       98%         3
 Portal Projectile        Hex/Tloc       0%         N/A       98%         3
 Fulminant Prism          Conj/Hex       0%         3d5       100%        4
 Ice Form                 Ice/Tmut       0%         N/A       100%        4
 Summon Ice Beast         Ice/Summ       0%         N/A       100%        4
 Agony                    Necr           0%         N/A       100%        5
 Alistair's Intoxication  Tmut/Pois      0%         N/A       100%        5
 Silence                  Hex/Air        0%         N/A       100%        5
 Chain Lightning          Conj/Air       0%         N/A       100%        9
 Fire Storm               Conj/Fire      0%         5d1       100%        9
 Shatter                  Erth           0%         3d5*      100%        9


Dungeon Overview and Level Annotations

Branches:
Dungeon (8/15)             Temple (1/1) D:4
   Lair: D:8-11

Altars:
Ashenzari
Cheibriados
Dithmenos
Elyvilon
Fedhas
Gozag
Hepliaklqana
Kikubaaqudgha
Makhleb
Nemelex Xobeh
Okawaru
Qazlal
Ru
Sif Muna
Trog
Vehumet
Wu Jian
Xom
Yredelemnul
Zin
The Shining One

Shops:
D:5 ![*


Message History

The killer bee stings you but does no damage.
Unknown command.
You slash the wight!
You destroy the wight!
You miss the killer bee. x2; You completely miss the wight.
You closely miss the wight.
The killer bee stings you but does no damage.
The killer bee barely misses you.
The wight hits you with a +3 great sword!
* * * LOW HITPOINT WARNING * * *
You block the wight's attack. The killer bee stings you.
* * * LOW HITPOINT WARNING * * *
You are poisoned.
The killer bee poisons you! The killer bee stings you.
* * * LOW HITPOINT WARNING * * *
The killer bee stings you but does no damage.
You miss the killer bee. You closely miss the killer bee.
You hit the killer bee but do no damage.
You barely miss the wight. You slash the wight!
You feel very sick. The killer bee barely misses you.
The killer bee stings you.
* * * LOW HITPOINT WARNING * * *
You are lethally poisoned!
The killer bee poisons you! The killer bee barely misses you.
The wight hits you with a +3 great sword.
* * * LOW HITPOINT WARNING * * *
The wight barely misses you.
The killer bee stings you but does no damage.
You block the killer bee's attack. The killer bee misses you.
You barely miss the wight. You hit the killer bee.
You closely miss the killer bee. You slash the killer bee!
You feel better.
You closely miss the wight.
* * * LOW HITPOINT WARNING * * *
You feel very sick. The killer bee stings you.
* * * LOW HITPOINT WARNING * * *
The killer bee completely misses you. The killer bee stings you.
* * * LOW HITPOINT WARNING * * *
The wight hits you with a +3 great sword!
You die...

###########
#.........###
##########'###........
#..yy@y......#.###.###
#...zzy......#.#......
#...cy.......#.#....#.
...............#.#.##.#.
..!............#.....)(.
...............########.
.....#######..... #.
..... ###### #.
.########### #.


You could see a centaur, 5 killer bees and 2 wights.

Vanquished Creatures
  A wyvern (D:7)
  An acid dragon (D:8)
  A water moccasin (D:7)
  2 orc warriors
  A black bear (D:7)
  An ice beast (D:7)
  A sky beast (D:7)
  An ogre (D:5)
  3 centaurs
  3 bullfrogs
  A gnoll sergeant (D:6)
  3 scorpions
  4 wights
  2 jellies (D:6)
  2 hounds
  3 orc priests
  2 iguanas
  Natasha (twice) (D:2)
  2 orc wizards (D:7)
  3 gnolls (D:6)
  4 adders
  3 shadow imps
  A white imp (D:6)
  A dart slug (D:4)
  13 orcs
  6 ball pythons
  2 bats
  5 endoplasms
  5 giant cockroaches
  7 goblins
  11 hobgoblins
  6 jackals
  5 quokkas
  A frilled lizard (D:1)
  6 kobolds
  9 rats
124 creatures vanquished.

Notes
Turn   | Place    | Note
-------+----------+-------------------------------------------
     0 | D:1      | Eitelfritz the Hill Orc Fighter began the quest for the
                  | Orb.
     0 | D:1      | Reached XP level 1. HP: 19/19 MP: 1/1
   108 | D:1      | Reached XP level 2. HP: 25/27 MP: 2/2
   141 | D:1      | Reached skill level 3 in Axes
   421 | D:1      | Reached XP level 3. HP: 30/33 MP: 3/3
   914 | D:2      | Noticed Natasha
   918 | D:2      | Killed Natasha
   919 | D:2      | Reached skill level 4 in Axes
   919 | D:2      | Reached XP level 4. HP: 36/41 MP: 4/4
  1083 | D:2      | Noticed Natasha
  1089 | D:2      | Killed Natasha
  1090 | D:2      | Reached skill level 5 in Axes
  1319 | D:3      | Reached XP level 5. HP: 47/47 MP: 5/5
  1670 | D:4      | Found a staircase to the Ecumenical Temple.
  1723 | Temple   | Entered the Ecumenical Temple
  2076 | D:4      | Reached skill level 6 in Axes
  2076 | D:4      | Reached skill level 1 in Dodging
  2076 | D:4      | Reached XP level 6. HP: 52/53 MP: 6/6
  2162 | D:4      | Found an ancient bone altar of Kikubaaqudgha.
  2532 | D:5      | Entered Level 5 of the Dungeon
  2598 | D:5      | Got the Encyclopedia of Weird Ouranomancy
  2674 | D:5      | Found Saqoi's Armour Shop.
  2677 | D:5      | Found Vadduek's Assorted Antiques.
  2713 | D:5      | Bought a scroll labelled WIMIAR PACOR for 28 gold pieces
  2713 | D:5      | Bought a scroll labelled XOSHAGGYUW for 28 gold pieces
  2713 | D:5      | Bought a smoky purple potion for 25 gold pieces
  2713 | D:5      | Bought a scroll labelled FOUVAO OCEI for 28 gold pieces
  3017 | D:5      | Reached skill level 7 in Axes
  3017 | D:5      | Reached XP level 7. HP: 24/60 MP: 7/7
  3149 | D:5      | Found Sesaagh's Distillery.
  3234 | D:5      | Bought a potion of flight for 36 gold pieces
  3234 | D:5      | Bought 2 potions of degeneration for 24 gold pieces
  3658 | D:6      | Reached skill level 5 in Fighting
  3658 | D:6      | Reached skill level 8 in Axes
  3664 | D:6      | Identified the +4 spear of the Last Ultimatums {venom,
                  | Str+2 SInv}
  3687 | D:6      | Reached skill level 5 in Armour
  3700 | D:6      | Reached XP level 8. HP: 8/68 MP: 8/8
  4363 | D:6      | Reached skill level 9 in Axes
  5362 | D:7      | Reached skill level 10 in Axes
  5451 | D:7      | Reached XP level 9. HP: 57/78 MP: 9/9
  6626 | D:8      | Reached skill level 5 in Shields
  6642 | D:8      | Reached skill level 11 in Axes
  6727 | D:8      | Slain by a wight

Illustrated notes

Levels and vault maps discovered:
D:1:      wander_arrival_desolate, layout_basic, patterned_corridor
D:2:      layout_rooms, uniq_natasha
D:3:      layout_rooms
D:4:      layout_basic, kiku_gazebo_pond_becter, minmay_temple_entry_crystal_x,
          hangedman_decor_riveting
D:5:      layout_cave_pools, serial_shops, shop, nicolae_shop_trees,
          nicolae_shop_temple_entry_statues_fountains, kennysheep_generic_room_6
D:6:      layout_cave_pools, serial_co_window_serial, co_window_paths_a,
          co_window_paths_b, co_window_paths_a, co_window_corner_a,
          co_window_of_opportunity_a, co_window_broadway_a,
          co_window_unsneaky_path_b, co_window_of_opportunity_c,
          co_window_4corner_b, glass_columns_b, kb_lookout_dungeons_type
D:7:      layout_basic
D:8:      layout_basic, kennysheep_little_box, chequers_ossuary_entry_cave
Temple:   nicolae_temple_slightly_damp_pantheon

Skill      XL: |  1  2  3  4  5  6  7  8  9 |
---------------+----------------------------+-----
Axes           | 3 4 5 6 7 8 10 11 | 11.1
Fighting       | 4 5 6 7 |  7.0
Armour         | 4 5 6 7 |  7.0
Dodging        | 1 2 |  2.4
Shields        | 4 5 |  5.0
Stealth        | |  0.6

Action                     |  1- 3 |  4- 6 |  7- 9 || total
---------------------------+-------+-------+-------++-------
  Melee: War axe           |   116 |   107 |   179 ||   402
    Use: Scroll            |       |       |    21 ||    21
         Potion            |       |       |     5 ||     5
 Armour: Scale mail        |    59 |    47 |   108 ||   214
  Dodge: Dodged            |    67 |    59 |   130 ||   256
  Block: Buckler           |    24 |    29 |    52 ||   105
